 Dungeon Crawl Stone Soup version 0.28.0-53-g5a82cb258f (webtiles) character file.

Game seed: 938281636931917000

326 firemarshallily the Ducker (level 6, -3/46 HPs)
             Began as a Djinni Wanderer on Aug 24, 2022.
             Was an Initiate of Gozag.
             Slain by an orc
             ... wielding a +0 war axe
              (8 damage)
             ... in the Ecumenical Temple.
             The game lasted 00:13:39 (5321 turns).

firemarshallily the Ducker (Djinni Wanderer)        Turns: 5321, Time: 00:13:40

Health: -3/46      AC:  6    Str: 12    XL:     6   Next: 78%
Gold:   50         EV: 12    Int: 14    God:    Gozag SH:  0 Dex: 13

rFire   + + +      SeeInvis .   j - +2 dagger (venom)
rCold   x . .      Faith    .   (no shield)
rNeg    . . .      Spirit   .   d - +3 leather armour
rPois   ∞          Reflect  .   (no helmet)
rElec   .          Harm     .   (no cloak)
rCorr   .          Rampage  .   (no gloves)
Will    .....                   (boots unavailable)
Stlth   +.........              (no amulet)
HPRegen 0.15/turn               h - ring of protection from fire
MPRegen 0.00/turn               (no ring)

@: confused, gold aura, flying
A: sickness immunity, fire resistance 2, cold vulnerability 1, float, innate
caster, HP casting, extra vitality 1
a: Renounce Religion, Potion Petition, Call Merchant, Bribe Branch


You were in the Ecumenical Temple.
You worshipped Gozag.
Gozag was noncommittal.
You visited 2 branches of the dungeon, and saw 6 of its levels.

You collected 107 gold pieces.
You paid 57 gold pieces to Gozag.

Inventory:

Hand Weapons
 j - a +2 dagger of venom (weapon)
Missiles
 o - 5 poisoned darts
Armour
 d - a +3 leather armour (worn)
Jewellery
 h - a ring of protection from fire (left hand)
Wands
 a - a wand of flame (18)
Scrolls
 f - a scroll of blinking
 g - a scroll of teleportation
 k - 2 scrolls of vulnerability
 n - a scroll of summoning
 p - 4 scrolls of fog {unknown}
Potions
 b - a potion of attraction
 e - a potion of haste
 i - a potion of berserk rage {unknown}
 l - a potion of curing {unknown}
 m - a potion of lignification
Miscellaneous
 c - a piece from Xom's chessboard (15/15) (quivered)


   Skills:
 * Level 3.5 Fighting
 + Level 1.8 Armour
 + Level 3.5 Dodging
 - Level 1.5 Stealth
 - Level 3.0 Unarmed Combat
 * Level 2.6 Spellcasting
 - Level 3.0 Evocations


You had 7 spell levels left.
You knew the following spells:

 Your Spells              Type           Power      Damage    Failure   Level
a - Freeze                Ice            36%        1d6       10%         1
b - Poisonous Vapours     Pois/Air       18%        N/A       14%         2
Your spell library was empty.

Dungeon Overview and Level Annotations

Branches:
Dungeon (5/15)             Temple (1/1) D:5

Altars:
Fedhas
Gozag
Makhleb
Nemelex Xobeh
Ru
Uskayaw
Zin

Shops:
D:4 *

Annotations:
D:3 2 transporters, fleet's ghost, novice KoGl


Innate Abilities, Weirdness & Mutations

You are immune to sickness and miasma.
You are immune to poison.
Your flesh is very heat resistant. (rF++)
You are vulnerable to cold. (rC-)
You float through the air rather than walking.
You learn spells naturally, not from books.
Your magical power is your life essence.
You have superior vitality. (+4 MHP)


Message History

Casting: Poisonous Vapours (safe; 14% risk of failure)
Confirm with . or Enter, or press ? or * to list all spells.
Aiming: Freeze (safe; 10% risk of failure)
Press: ? - help, Shift-Dir - straight line, f - orc
Aim: an orc, wielding a +0 war axe You freeze the orc.
The orc is lightly wounded.
Something hits you. The orc hits you with a +0 dagger.
The orc hits you with a +0 club. The orc hits you with a +0 war axe.
Found a burning altar of Makhleb and a hide-covered altar of Uskayaw.
Something hits you. Something hits you.
You kill the orc!
Found an opulent altar of Gozag.
Something hits you.
Found a glowing silver altar of Zin and a blossoming altar of Fedhas.
Found a sacrificial altar of Ru.
There is an opulent altar of Gozag here.
You hover solemnly before the altar of Gozag.
Gozag welcomes you!
You pay a service fee of 57 gold.
You hit the orc.
The orc is poisoned.
Your punch misses the orc.
The orc is severely wounded.
Something hits you but does no damage. The orc misses you.
The orc hits you with a +0 club.
You hit the orc.
You kill the orc!
You hear some strange, mumbled words.
You are confused.
The orc hits you with a +0 war axe.
Unknown command.
Press < or > to pray at altars.
You hit the orc.
The orc is lightly wounded.
You hear some strange, mumbled words.
A magic dart appears from out of thin air!
The magic dart hits you!
* * * LOW HITPOINT WARNING * * *
The orc hits you with a +0 war axe!
You die...
Your body crumbles into a pile of gold.

.................≈≈≈≈≈≈≈
.....................≈≈≈
....8...................
..................._....
............_...........
........................
...............$........
....<..........{@......_
...............o........
......).................
............_...........
..................._....
...._...................
.....................≈≈≈
.................≈≈≈≈≈≈≈
≈≈≈≈≈≈≈≈≈≈≈≈≈≈≈≈≈≈≈


You could see an orc.

Vanquished Creatures
  An ogre (D:4)
  Jessica (D:3)
  An iguana (D:4)
  Natasha (thrice) (D:3)
  2 adders
  An ufetubus (D:4)
  An adder skeleton (D:4)
  3 worms
  A dart slug (D:3)
  7 orcs
  6 bats
  2 endoplasms
  8 goblins
  6 hobgoblins
  3 jackals (D:1)
  6 kobolds
  5 quokkas
  9 ball pythons
  2 frilled lizards
  5 rats
73 creatures vanquished.

Notes
Turn   | Place    | Note
-------+----------+-------------------------------------------
     0 | D:1      | firemarshallily the Djinni Wanderer began the quest for the
                  | Orb.
     0 | D:1      | Reached XP level 1. HP: 15/15 MP: 0/0
   359 | D:1      | Reached XP level 2. HP: 18/22 MP: 0/0
   541 | D:1      | Reached skill level 1 in Fighting
   951 | D:1      | Reached skill level 1 in Spellcasting
   951 | D:1      | Reached XP level 3. HP: 27/27 MP: 0/0
   951 | D:1      | Learned a level 1 spell: Freeze
  1127 | D:2      | Found a faded altar of an unknown god.
  2334 | D:2      | You are sucked into a shaft and drop 2 floors!
  2355 | D:4      | Reached XP level 4. HP: 23/33 MP: 0/0
  3136 | D:3      | Noticed Jessica
  3138 | D:3      | Noticed Natasha
  3143 | D:3      | Killed Natasha
  3144 | D:3      | Reached XP level 5. HP: 39/39 MP: 0/0
  3144 | D:3      | Learned a level 2 spell: Poisonous Vapours
  3151 | D:3      | Killed Jessica
  3152 | D:3      | Reached skill level 1 in Armour
  3194 | D:3      | Found a transporter.
  3198 | D:3      | Found a transporter.
  3198 | D:3      | Noticed fleet's ghost (novice KoGl)
  3285 | D:3      | Noticed Natasha
  3311 | D:3      | Killed Natasha
  3631 | D:3      | Noticed Natasha
  3640 | D:3      | Killed Natasha
  3641 | D:3      | Reached XP level 6. HP: 38/45 MP: 0/0
  4508 | D:4      | Found Gurch's Gadget Gallery.
  4654 | D:4      | Noticed an ogre
  4668 | D:4      | Killed an ogre
  5290 | D:5      | Entered Level 5 of the Dungeon
  5292 | D:5      | Found a staircase to the Ecumenical Temple.
  5301 | Temple   | Entered the Ecumenical Temple
  5318 | Temple   | Became a worshipper of Gozag Ym Sagoz the Greedy
  5321 | Temple   | Slain by an orc

Illustrated notes

Levels and vault maps discovered:
D:1:      heliophobic_arrival_enchanted_forest, layout_loops_ring
D:2:      layout_rooms, shapermc_ecumenical_altar_rom_forum
D:3:      layout_basic, gammafunk_ghost_arena, nicolae_wormholes, uniq_jessica,
          uniq_natasha
D:4:      layout_cave_pods, nicolae_shop_gadgets
D:5:      layout_rooms, elyvilon_altar_3, minmay_temple_entry_drinking_statues,
          guppyfry_early_orc_mine
Temple:   dshaligram_water_room_temple

Skill      XL: |  1  2  3  4  5  6 |
---------------+-------------------+-----
Fighting       | 1 2 3 |  3.5
Spellcasting   | 1 2 |  2.6
Armour         | 1 |  1.8
Dodging        | 3 |  3.5
Stealth        | |  1.5
Unarmed Combat | |  3.0
Evocations     | |  3.0

Action                   |  1- 3 |  4- 6 || total
-------------------------+-------+-------++-------
Melee: Dagger            |   219 |   119 ||   338
       Punch             |     5 |     1 ||     6
 Cast: Freeze            |     5 |     1 ||     6
       Poisonous Vapours |       |    10 ||    10
  Use: Scroll            |     3 |     5 ||     8
 Stab: Sleeping          |     1 |     3 ||     4
Armor: Leather armour    |    76 |    32 ||   108
Dodge: Dodged            |   135 |    74 ||   209
